General information
			
			
        
        - name: BNet
 
        - type: Ladder 1vs1/FFA
 
        - host: Battle.net
 
        - saver: DukeOfDefence
 
        
map: MeltingValley 
        - players: 2
 
        - length: 20:51
 
        - speed: Fast
 - version: 1.22 W3XP
 - replay type:  Public
 
» download(89 KB)
Players
        team 1 (winner) 
              
              
DukeOfDefence (
purple | 114 APM | 2384 actions | 20:51)
              
 4 Archmage 
 2 Blizzard
 2 Brilliance Aura
 2 Blood Mage 
 1 Flame Strike
 1 Siphon Mana
 
                » actions 
                
                | Assign group hotkey | 11 |  | 
| Basic commands | 17 |  | 
| Build / train | 91 |  | 
| Enter build submenu | 39 |  | 
| Enter hero's abilities submenu | 6 |  | 
| Give item / drop item | 7 |  | 
| Remove unit from queue | 1 |  | 
| Right click | 1348 |  | 
| Select / deselect | 405 |  | 
| Select group hotkey | 251 |  | 
| Use ability | 208 |  | 
                2384 total
 » units 
                
                | Peasant | 23 |  | 
| Priest | 2 |  | 
| Sorceress | 2 |  | 
                27 total
 » upgrades
                
                | Masonry | 3 |  | 
| Lumber Harvesting | 2 |  | 
| Magic Sentry | 1 |  | 
| Sorceress Training | 2 |  | 
| Priest Training | 2 |  | 
                10 total
 » buildings
                
                | Altar of Kings | 1 |  | 
| Farm | 6 |  | 
| Scout Tower | 22 |  | 
| Lumber Mill | 3 |  | 
| Arcane Tower | 5 |  | 
| Guard Tower | 15 |  | 
| Town Hall | 1 |  | 
| Arcane Vault | 2 |  | 
| Keep | 1 |  | 
| Arcane Sanctum | 1 |  | 
| Castle | 1 |  | 
                58 total
 » build order
                00:07 Altar of Kings
00:20 Farm
00:22 Scout Tower
00:28 Lumber Mill
00:50 Arcane Tower
01:20 Farm
01:53 Scout Tower
02:22 Guard Tower
03:14 Scout Tower
03:14 Scout Tower
03:16 Scout Tower
03:42 Arcane Tower
03:44 Scout Tower
03:46 Guard Tower
03:48 Scout Tower
04:04 Scout Tower
04:15 Guard Tower
04:17 Guard Tower
04:30 Guard Tower
04:37 Scout Tower
05:23 Town Hall
05:27 Scout Tower
05:28 Scout Tower
05:40 Guard Tower
05:42 Scout Tower
05:45 Farm
05:57 Guard Tower
06:00 Scout Tower
06:11 Arcane Vault
06:18 Guard Tower
06:50 Arcane Tower
06:51 Guard Tower
07:13 Scout Tower
07:58 Keep
08:15 Scout Tower
08:50 Guard Tower
09:00 Scout Tower
09:02 Guard Tower
09:05 Scout Tower
09:16 Farm
09:42 Guard Tower
09:46 Scout Tower
09:53 Guard Tower
10:14 Arcane Tower
10:24 Arcane Sanctum
11:17 Scout Tower
11:41 Arcane Vault
12:30 Arcane Tower
13:11 Lumber Mill
14:37 Scout Tower
14:37 Scout Tower
14:39 Scout Tower
15:12 Guard Tower
16:12 Castle
16:16 Guard Tower
18:44 Lumber Mill
19:17 Farm
19:19 Farm
» items
                
                | Staff of Teleportation | 2 |  | 
| Boots of Speed | 2 |  | 
| Scroll of Regeneration | 4 |  | 
| Lesser Clarity Potion | 3 |  | 
| Potion of Healing | 8 |  | 
| Potion of Lesser Invulnerability | 1 |  | 
| Potion of Mana | 2 |  | 
| Staff of Sanctuary | 1 |  | 
                23 total
  
               team 2 (loser) 
              
              
» 
practicesmurf (
blue | 142 APM | 2962 actions | 20:49)
              
 3 Death Knight 
 2 Death Coil
 1 Unholy Aura
 2 Lich 
 1 Frost Nova
 1 Dark Ritual
 
                » actions 
                
                | Assign group hotkey | 107 |  | 
| Basic commands | 163 |  | 
| Build / train | 52 |  | 
| ESC pressed | 3 |  | 
| Enter build submenu | 22 |  | 
| Enter hero's abilities submenu | 5 |  | 
| Give item / drop item | 2 |  | 
| Right click | 1668 |  | 
| Select / deselect | 350 |  | 
| Select group hotkey | 466 |  | 
| Use ability | 124 |  | 
                2962 total
 » units 
                
                | Acolyte | 7 |  | 
| Ghoul | 4 |  | 
| Crypt Fiend | 11 |  | 
| Obsidian Statue | 4 |  | 
| Meatwagon | 6 |  | 
| Gargoyle | 1 |  | 
                33 total
 » upgrades
                
                | Creature Attack | 2 |  | 
| Burrow | 1 |  | 
| Unholy Strength | 1 |  | 
| Web | 1 |  | 
                5 total
 » buildings
                
                | Crypt | 1 |  | 
| Ziggurat | 10 |  | 
| Graveyard | 1 |  | 
| Altar of Darkness | 1 |  | 
| Tomb of Relics | 1 |  | 
| Halls of the Dead | 1 |  | 
| Slaughterhouse | 2 |  | 
| Spirit Tower | 3 |  | 
                20 total
 » build order
                00:07 Crypt
00:12 Ziggurat
00:38 Graveyard
01:00 Altar of Darkness
01:50 Ziggurat
01:53 Tomb of Relics
04:12 Halls of the Dead
04:24 Ziggurat
05:58 Ziggurat
06:51 Slaughterhouse
08:02 Slaughterhouse
08:04 Ziggurat
10:01 Ziggurat
16:07 Ziggurat
17:00 Spirit Tower
17:02 Ziggurat
17:40 Ziggurat
18:50 Ziggurat
19:58 Spirit Tower
» items
                
                | Rod of Necromancy | 2 |  | 
| Sacrificial Skull | 1 |  | 
                3 total
  
                Chat log
          
(02:02 / All) practicesmurf: lots of towers
(02:05 / All) practicesmurf: you are the duke of defense